 Dungeon Crawl Stone Soup version 0.29.1-15-g9cfb28693d (webtiles) character file.

Game seed: 1442117408145835411

22 Gustavia the Magician (level 3, -3/25 HPs)
             Began as a Djinni Fire Elementalist on Feb 28, 2023.
             Slain by a kobold
             ... wielding a +2 dagger of protection
              (5 damage)
             ... on level 1 of the Dungeon.
             The game lasted 00:08:27 (1595 turns).

Gustavia the Magician (Djinni Fire Elementalist)    Turns: 1595, Time: 00:08:27

Health: -3/25      AC:  3    Str:  7    XL:     3   Next: 7%
Gold:   68         EV: 12    Int: 18    God:
                   SH:  0    Dex: 13

rFire   + + .      SeeInvis .   (no weapon)
rCold   x . .      Faith    .   (no shield)
rNeg    . . .      Spirit   .   a - +1 robe
rPois   ∞          Reflect  .   (no helmet)
rElec   .          Harm     .   (no cloak)
rCorr   .          Rampage  .   (no gloves)
Will    .....                   (boots unavailable)
Stlth   ++........              (no amulet)
HPRegen 0.08/turn               (no ring)
MPRegen 0.00/turn               (no ring)

@: flying
A: sickness immunity, fire resistance 2, cold vulnerability 1, float, innate
caster, HP casting, extra vitality 1
a: no special abilities


You were on level 1 of the Dungeon.
You visited 1 branch of the dungeon, and saw 1 of its levels.

You collected 68 gold pieces.

Inventory:

Armour
 a - a +1 robe (worn)


   Skills:
 + Level 2.2 Dodging
 + Level 1.8 Stealth
 + Level 3.0 Spellcasting


You couldn't memorise any spells.
You knew the following spells:

 Your Spells              Type           Power      Damage    Failure   Level
a - Foxfire               Conj/Fire      52%        2x1d6     4%          1
b - Scorch                Fire           26%        2d6       7%          2
c - Conjure Flame         Conj/Fire      13%        6-21      14%         3
d - Inner Flame           Hex/Fire       13%        N/A       14%         3
e - Flame Wave            Conj/Fire      13%        2d6       41%         4
f - Sandblast             Erth           26%        2d8       4%          1
Your spell library was empty.

Dungeon Overview and Level Annotations

Branches:
Dungeon (1/15)

Altars:


Innate Abilities, Weirdness & Mutations

You are immune to sickness and miasma.
You are immune to poison.
Your flesh is very heat resistant. (rF++)
You are vulnerable to cold. (rC-)
You float through the air rather than walking.
You learn spells naturally, not from books.
Your magical power is your life essence.
You have superior vitality. (+4 MHP)


Message History

Your foxfire dissipates!
Casting: Foxfire (safe; 4% risk of failure)
Confirm with . or Enter, or press ? or * to list all spells.
You conjure some foxfire!
The kobold hits you with a +2 dagger of protection.
Your foxfire dissipates!
The foxfire hits the kobold but does no damage.
Casting: Foxfire (safe; 4% risk of failure)
Confirm with . or Enter, or press ? or * to list all spells.
You conjure some foxfire!
The kobold misses you.
Your foxfire dissipates!
The kobold attacks as you move away!
The kobold hits you with a +2 dagger of protection.
* * * LOW HITPOINT WARNING * * *
The kobold hits you with a +2 dagger of protection.
* * * LOW HITPOINT WARNING * * *
The kobold attacks as you move away! The kobold barely misses you.
The kobold attacks as you move away! The kobold closely misses you.
The kobold hits you with a +2 dagger of protection.
* * * LOW HITPOINT WARNING * * *
The kobold attacks as you move away! The kobold barely misses you.
The kobold hits you but does no damage. The kobold attacks as you move away!
The kobold barely misses you.
You see here a +0 club.
The kobold attacks as you move away! The kobold barely misses you.
You aren't carrying any scrolls.
You aren't carrying any potions.
Casting: Foxfire (safe; 4% risk of failure)
Confirm with . or Enter, or press ? or * to list all spells.
You conjure some foxfire!
* * * LOW HITPOINT WARNING * * *
The kobold completely misses you. The kobold attacks as you move away!
The kobold hits you but does no damage.
The foxfire hits the kobold but does no damage. x2
Casting: Foxfire (safe; 4% risk of failure)
Confirm with . or Enter, or press ? or * to list all spells.
You conjure some foxfire!
* * * LOW HITPOINT WARNING * * *
The kobold hits you with a +2 dagger of protection.
You die...

#.###...######
#.#⌠#.w##
#####.###..#
#..........#
#....(.g..##
#.....)####
#......#
#)v.K..#
#.v@§..#
#......#
#......#
#......#
#......#
########


You could see a dart slug, a goblin and a kobold (ally target).

Vanquished Creatures
  3 ball pythons (D:1)
  2 bats (D:1)
  An endoplasm (D:1)
  2 giant cockroaches (D:1)
  3 goblins (D:1)
  A kobold (D:1)
  3 quokkas (D:1)
  3 frilled lizards (D:1)
  A rat (D:1)
19 creatures vanquished.

Vanquished Creatures (others)
  38 foxfires (D:1)
38 creatures vanquished.

Grand Total: 57 creatures vanquished

Notes
Turn   | Place    | Note
-------+----------+-------------------------------------------
     0 | D:1      | Gustavia the Djinni Fire Elementalist began the quest for
                  | the Orb.
     0 | D:1      | Gustavia set off with the following spells memorised:
                  | Foxfire, Scorch, Conjure Flame, Inner Flame, Flame Wave.
     0 | D:1      | Reached XP level 1. HP: 15/15 MP: 0/0
   401 | D:1      | Reached XP level 2. HP: 15/21 MP: 0/0
   888 | D:1      | Reached skill level 3 in Spellcasting
  1069 | D:1      | Reached XP level 3. HP: 19/25 MP: 0/0
  1069 | D:1      | Learned a level 1 spell: Sandblast
  1595 | D:1      | Slain by a kobold

Illustrated notes

Levels and vault maps discovered:
D:1:      dpeg_arrival_line_fractal, layout_rooms, serial_glass,
          glass_columns_a, glass_columns_a, feat_on_display, item_on_display_a,
          shapermc_ecumenical_altar_petra, minmay_vboxes

Skill      XL: |  1  2 |
---------------+-------+-----
Spellcasting   | 3 |  3.0
Dodging        | |  2.2
Stealth        | |  1.8

Action                   || total
-------------------------++-------
Melee: Unarmed           ||     1
 Cast: Foxfire           ||    40
       Scorch            ||    13
       Conjure Flame     ||     2
  Use: Scroll            ||     3
       Potion            ||     1
Armor: Robe              ||     6
Dodge: Dodged            ||    24
